 Dungeon Crawl Stone Soup version 0.29-a0-275-g389c0b56f3 (webtiles) character file.

Game seed: 5673958230098880899

394 spaghetti the Ogre Mage (level 6, -5/53 HPs)
             Began as an Ogre Hedge Wizard on Mar 12, 2022.
             Was an Initiate of Kikubaaqudgha.
             Succumbed to a goblin's poison
             ... on level 3 of the Dungeon.
             The game lasted 00:07:31 (5856 turns).

spaghetti the Ogre Mage (Ogre Hedge Wizard)         Turns: 5856, Time: 00:07:32

Health: -5/53      AC:  4    Str: 23      XL:     6   Next: 82%
Magic:  8/16       EV:  9    Int: 16 (17) God:    Kikubaaqudgha [......]
Gold:   294        SH:  0    Dex:  7 (8)  Spells: 18/19 levels left

rFire   . . .      SeeInvis .   i - +1 short sword (venom) {short}
rCold   . . .      Faith    .   (no shield)
rNeg    . . .      Spirit   .   b - +0 robe
rPois   .          Reflect  .   c - +1 hat
rElec   .          Harm     .   (no cloak)
rCorr   .          Rampage  .   (gloves unavailable)
Will    .....                   (boots unavailable)
Stlth   +.........              (no amulet)
HPRegen 0.17/turn               n - +6 ring of strength
MPRegen 0.15/turn               (no ring)

@: lethally poisoned (-5 -> -40), very slightly contaminated
A: large, unfitting armour, tough skin 1, talons 1, strong 1, wild magic 1
a: Renounce Religion


You were on level 3 of the Dungeon.
You worshipped Kikubaaqudgha.
Kikubaaqudgha was noncommittal.
You visited 2 branches of the dungeon, and saw 5 of its levels.

You collected 294 gold pieces.


Innate Abilities, Weirdness & Mutations

You are too large for most types of armour.
You have tough skin. (AC +1)
You have sharp toenails.
Your muscles are strong. (Str +2)
Your spells are a little harder to cast, but a little more powerful.


   Skills:
 + Level 3.4 Polearms
 - Level 1.7 Dodging
 - Level 1.4 Stealth
 - Level 7.0 Spellcasting
 - Level 0.8 Conjurations
 - Level 0.8 Summonings
 - Level 1.0 Necromancy
 - Level 0.8 Translocations


You had 18 spell levels left.
You knew the following spells:

 Your Spells              Type           Power      Damage    Failure   Level
a - Magic Dart            Conj           40%        1d5       13%         1

Your spell library contained the following spells:

 Spells                   Type           Power      Damage    Failure   Level
 Beastly Appendage        Tmut           14%        N/A       17%         1
 Sandblast                Erth           14%        2d6       17%         1
 Slow                     Hex            28%        N/A       17%         1
 Blink                    Tloc           20%        N/A       19%         2
 Call Imp                 Summ           10%        N/A       19%         2
 Passwall                 Tmut/Erth      5%         N/A       26%         2
 Conjure Flame            Conj/Fire      9%         6-21      38%         3
 Stone Arrow              Conj/Erth      18%        3d8       38%         3
 Mephitic Cloud           Conj/Pois/Air  8%         N/A       41%         3

Inventory:

Hand Weapons
 a - a +0 dagger {short}
 i - a +1 short sword of venom (weapon) {short}
   (You took it off a kobold on level 1 of the Dungeon)
 k - a +0 bardiche of pain {polearm}
   (You acquired it on level 3 of the Dungeon)
Missiles
 e - 144 stones {throwing}
 p - 6 poisoned darts {throwing}
Armour
 b - a +0 robe (worn)
 c - a +1 hat (worn)
Magical Staves
 o - a staff of death {!astaff}
   (You found it on level 4 of the Dungeon)
 x - a staff of poison {!astaff}
   (You found it on level 4 of the Dungeon)
Jewellery
 g - a ring of positive energy
   (You took it off an orc on level 3 of the Dungeon)
 n - a +6 ring of strength (left hand)
   (You found it on level 2 of the Dungeon)
Wands
 y - a wand of flame (23)
   (You took it off Ijyb on level 4 of the Dungeon)
Scrolls
 j - 3 scrolls of immolation {!r!r}
 q - 2 scrolls of noise {!r}
 s - a scroll of silence {!r}
 t - a scroll of teleportation {@r4}
 u - 6 scrolls of identify {@r1}
Potions
 d - a potion of magic
 l - a potion of brilliance
 m - a potion of degeneration {!q@e2}
 r - 2 potions of lignification {!q}
 v - a potion of haste {@q3}

Dungeon Overview and Level Annotations

Branches:
Dungeon (4/15)             Temple (1/1) D:4

Altars:
Ashenzari
Cheibriados
Kikubaaqudgha
Makhleb
Qazlal
Ru
Wu Jian
Xom
Yredelemnul
Zin

Shops:
D:2 ((   D:4 (

Annotations:
D:4 Edmund, Sigmund

....g..##.##..'......+,,####.#.##
..........##..#..##..#,,#....#.##
#####.######..####*###,,####.#.##
# #.# #...#,,,,#,,,,*##.#.## #
#.# #.).#,,,.#,,,,*#....<. # #.#
#..#####'####+*#..#... ## #.#
#..##........,,##....# .## #.#
#..†#.h......,,*#.##.# ..###.#
#...'@g#*,,*****#.##.# #.....#
#########*** #.##.# ..#####
#.#..#########..... .##
#.#..........>..#.# .#
#.#..##########.#.# )#
#....##########.#.# )#
#............##...# .#
##................. ##
#.#########.###..#


You could see a jackal (poisoned) and a goblin.


Message History

You take 9 damage, and now have 35/53 hp.
You are too injured to fight recklessly!
You are too injured to fight recklessly!
Unknown command.
You closely miss the goblin.
You feel sick.
You kill the bat!
Kikubaaqudgha accepts your kill.
The goblin hits you with a +1 dagger of venom.
The jackal bites you but does no damage.
The jackal bites you. 😮 HP[-6]
You take 6 damage, and now have 29/53 hp.
You barely miss the goblin.
You feel sick. The jackal barely misses you.
The goblin hits you with a +1 dagger of venom.
You are more poisoned.
The jackal bites you but does no damage. x2
The goblin hits you but does no damage.
You are more poisoned.
The jackal bites you.
* * * LOW HITPOINT WARNING * * *
😨 HP[-3]
You take 3 damage, and now have 26/53 hp.
You feel much better.
You feel very sick.
The jackal bites you. x2; The goblin hits you but does no damage.
You are more poisoned. 😮 HP[+10]
You regained 10 hp, and now have 36/53 hp.
Aiming: Magic Dart (safe; 9% risk of failure)
Press: ? - help, Q - select action, (/) - cycle Shift-Dir - straight line, f - jackal
Aim: a jackal (100% to hit)
The magic dart hits the jackal.
You feel extremely sick.
The jackal bites you but does no damage.
The jackal misses you. The jackal closely misses you.
The goblin barely misses you. 😮 HP[-7] MP[-1]
You take 7 damage, and now have 29/53 hp.
You lost 1 mp, and now have 10/16 mp.
Aiming: Magic Dart (safe; 9% risk of failure)
Press: ? - help, Q - select action, (/) - cycle Shift-Dir - straight line, f/p - jackal
Aim: a jackal (almost dead, 100% to hit)
The magic dart hits the jackal.
You kill the jackal!
Kikubaaqudgha accepts your kill.
You feel very sick. The jackal bites you.
* * * LOW HITPOINT WARNING * * *
The goblin barely misses you. 😨 HP[-6] MP[-1]
You take 6 damage, and now have 23/53 hp.
You lost 1 mp, and now have 9/16 mp.
Aiming: Magic Dart (safe; 9% risk of failure)
Press: ? - help, Q - select action, (/) - cycle Shift-Dir - straight line, f - jackal
Aim: a jackal (severely wounded, poisoned, 100% to hit)
The magic dart hits the jackal but does no damage.
You feel very sick. The jackal barely misses you.
The jackal bites you but does no damage.
The goblin hits you but does no damage.
You are lethally poisoned! 😨 HP[-4] MP[-1]
You take 4 damage, and now have 19/53 hp.
You lost 1 mp, and now have 8/16 mp.
Aiming: Magic Dart (safe; 9% risk of failure)
Press: ? - help, Q - select action, (/) - cycle Shift-Dir - straight line, f/p - jackal
Aim: a jackal (severely wounded, poisoned, 100% to hit)
You miscast Magic Dart.
You are very lightly contaminated with residual magic.
Nothing appears to happen.
* * * LOW HITPOINT WARNING * * *
You feel very sick. The jackal closely misses you.
The goblin hits you with a +1 dagger of venom.
* * * LOW HITPOINT WARNING * * *
You are more poisoned. 😨 HP[-5]
You take 5 damage, and now have 14/53 hp.
Unknown command.
It was a potion of mutation.
You feel extremely strange.
Your toenails lengthen and sharpen.
You feel less in control of your magic.
You feel stronger.
* * * LOW HITPOINT WARNING * * *
You feel extremely sick. The jackal bites you.
* * * LOW HITPOINT WARNING * * *
The goblin hits you with a +1 dagger of venom.
* * * LOW HITPOINT WARNING * * *
You are more poisoned. 😱 HP[-12]
You take 12 damage, and now have 2/53 hp.
MASSIVE DAMAGE!! (PAUSE)
Okay, then.
Okay, then.
Okay, then.
As you read the scroll labelled KOAMOLLIUSOL, it crumbles to dust.
It is a scroll of enchant armour.
Your +0 hat glows green for a moment.
You die...
Kikubaaqudgha rasps: "You have failed me!
Welcome... death!"

Skill      XL: |  1  2  3  4  5  6 |
---------------+-------------------+-----
Spellcasting   | 4 5 6 7 |  7.0
Polearms       | 1 3 |  3.4
Necromancy     | 1 |  1.0
Dodging        | |  1.7
Stealth        | |  1.4
Conjurations   | |  0.8
Summonings     | |  0.8
Translocations | |  0.8

Action                   |  1- 3 |  4- 6 || total
-------------------------+-------+-------++-------
Melee: Dagger            |    11 |       ||    11
       Short sword       |    39 |   128 ||   167
       Bardiche          |       |     3 ||     3
       Punch             |       |     2 ||     2
 Cast: Magic Dart        |    70 |    89 ||   159
  Use: Scroll            |     2 |     8 ||    10
       Potion            |       |    10 ||    10
 Stab: Sleeping          |     1 |     1 ||     2
Armor: Robe              |    20 |    56 ||    76
Dodge: Dodged            |    27 |    71 ||    98

Levels and vault maps discovered:
D:1:      tarquinn_simple_flora_water_a, layout_loops_ring, minmay_tetromino_t4
D:2:      layout_basic, serial_shops, nicolae_shop_waterfront, shop,
          shapermc_ecumenical_altar_rom_forum, kennysheep_boxes
D:3:      minmay_chambers_of_twos, layout_loops_ring, guppyfry_early_orc_mine
D:4:      layout_basic, minmay_temple_entry_tees, serial_shops,
          nicolae_shop_temple_entry_statues_fountains, sigmund_edmund_badplayer,
          uniq_ijyb
Temple:   nicolae_temple_god_jail

Notes
Turn   | Place    | Note
-------+----------+-------------------------------------------
     0 | D:1      | spaghetti the Ogre Hedge Wizard began the quest for the
                  | Orb.
     0 | D:1      | Reached XP level 1. HP: 16/16 MP: 5/5
     0 | D:1      | magus.rc [v1.9.6]
    52 | D:1      | HP: 4/16 [bat (1)]
    57 | D:1      | Reached skill level 4 in Spellcasting
   421 | D:1      | Reached XP level 2. HP: 24/24 MP: 1/7
   939 | D:1      | Reached XP level 3. HP: 31/31 MP: 6/9
   964 | D:1      | You pick up a book of Geomancy and begin reading...
   964 | D:1      | You add the spells Sandblast, Passwall and Stone Arrow to
                  | your library.
  1379 | D:1      | Reached skill level 5 in Spellcasting
  2035 | D:2      | Reached XP level 4. HP: 24/39 MP: 9/11
  2146 | D:2      | Found Riomnac's Antique Weapon Shoppe.
  2167 | D:2      | Noticed a necrophage
  2188 | D:2      | Killed a necrophage
  2189 | D:2      | Reached skill level 6 in Spellcasting
  2189 | D:2      | Reached XP level 5. HP: 15/45 MP: 2/13
  2956 | D:2      | Found a faded altar of an unknown god.
  2962 | D:2      | Got Plato's Reference Book on Shape Shifting
  2990 | D:2      | Found Quath's Weapon Boutique.
  3346 | D:3      | Identified a scroll of acquirement
  3346 | D:3      | Acquired a +0 bardiche of pain
  3823 | D:3      | Reached skill level 7 in Spellcasting
  4287 | D:4      | Found Qepsox's Antique Weapon Boutique.
  4321 | D:4      | HP: 3/45 [iguana (13)]
  4323 | D:4      | Reached skill level 1 in Polearms
  4323 | D:4      | Reached skill level 1 in Necromancy
  4323 | D:4      | Reached XP level 6. HP: 4/53 MP: 11/16
  4632 | D:4      | Found a staircase to the Ecumenical Temple.
  4646 | Temple   | Entered the Ecumenical Temple
  4753 | Temple   | Became a worshipper of Kikubaaqudgha
  4888 | D:4      | Noticed Ijyb
  4898 | D:4      | Killed Ijyb
  5097 | D:4      | Reached skill level 2 in Polearms
  5324 | D:4      | Reached skill level 3 in Polearms
  5399 | D:4      | Noticed Sigmund
  5400 | D:4      | Noticed Edmund
  5855 | D:3      | Gained mutation: You have sharp toenails. [potion of
                  | mutation]
  5855 | D:3      | Gained mutation: Your spells are a little harder to cast,
                  | but a little more powerful. [potion of mutation]
  5855 | D:3      | Gained mutation: Your muscles are strong. (Str +2) [potion
                  | of mutation]
  5855 | D:3      | HP: 7/53 [poisoned by a goblin]
  5855 | D:3      | HP: 2/53 [goblin/+1 dagger of venom (4)]
  5856 | D:3      | Succumbed to a goblin's poison

Vanquished Creatures
  A necrophage (D:2)
  A scorpion (D:4)
  A hound (D:4)
  An iguana (D:4)
  Ijyb (D:4)
  7 adders
  4 gnolls (D:3)
  2 worms (D:2)
  4 orcs
  7 ball pythons
  9 bats
  4 endoplasms
  5 giant cockroaches
  8 goblins
  11 hobgoblins
  3 jackals (D:3)
  7 kobolds
  A quokka (D:1)
  3 frilled lizards
  6 rats
86 creatures vanquished.

Vanquished Creatures (others)
  A plant (D:4)
1 creature vanquished.

Grand Total: 87 creatures vanquished

Table legend:
 A = Non-vault XP
 B = Vault XP
 C = Vault XP percentage of total XP
 D = Non-vault monster count
 E = Vault monster count
 F = Vault count percentage of total count
                 A         B        C        D         E       F
            +---------+---------+-------+---------+---------+-------
      Total |     495 |      69 |  12.2 |      69 |      17 |  19.8
            +---------+---------+-------+---------+---------+-------
        D:1 |      42 |       5 |  10.6 |      25 |       3 |  10.7
        D:2 |     167 |       0 |   0.0 |      22 |       0 |   0.0
        D:3 |     108 |      28 |  20.6 |      15 |      13 |  46.4
        D:4 |     178 |      36 |  16.8 |       7 |       1 |  12.5
            +---------+---------+-------+---------+---------+-------

Illustrated notes

Table legend:
 A = Kills in this place as a percentage of kills in entire the game.
 B = Kills by you in this place as a percentage of kills by you in the entire game.
 C = Kills by friends in this place as a percentage of kills by friends in the entire game.
 D = Other kills in this place as a percentage of other kills in the entire game.
 E = Experience gained in this place as a percentage of experience gained in the entire game.
 F = Experience gained in this place divided by the number of levels of this place that you have seen.
                   A       B       C       D       E      F
               +-------+-------+-------+-------+-------+----------------------
         Total | 100.0 | 100.0 |   N/A |   N/A | 100.0 | 112.8
       Dungeon | 100.0 | 100.0 |   N/A |   N/A | 100.0 | 141.0
               +-------+-------+-------+-------+-------+----------------------

Table legend: (Time is in decaauts)
 A = Elapsed time spent in this place.
 B = Non-inter-level travel time spent in this place.
 C = Inter-level travel time spent in this place.
 D = Time resting spent in this place.
 E = Time spent auto-exploring this place.
 F = Levels seen in this place.
 G = Mean time per level.
                   A        B        C        D        E       F      G
               +--------+--------+--------+--------+--------+-----+--------+
         Total |   5880 |   5807 |     73 |    554 |   4555 |   5 | 1176.0 |
       Dungeon |   5763 |   5700 |     63 |    554 |   4463 |   4 | 1440.8 |
        Temple |    117 |    107 |     10 |      0 |     92 |   1 |  117.0 |
               +--------+--------+--------+--------+--------+-----+--------+

Top non-repeatable levels by time:
     D:2: 1688 daAuts
     D:1: 1470 daAuts
     D:4: 1372 daAuts
     D:3: 1231 daAuts
  Temple: 117 daAuts
